 Dungeon Crawl Stone Soup version 0.29.1-15-g9cfb28693d (webtiles) character file.

Game seed: 9607217623830732593

1 Gabide the Trooper (level 1, -5/18 HPs)
             Began as a Mummy Berserker on Apr 16, 2023.
             Was a Follower of Trog.
             Slain by a gnoll
             ... wielding a +0 club
              (6 damage)
             ... on level 1 of the Dungeon.
             The game lasted 00:00:25 (53 turns).

Gabide the Trooper (Mummy Berserker)                  Turns: 53, Time: 00:00:26

Health: -5/18      AC:  2    Str: 20    XL:     1   Next: 16%
Magic:  1/1        EV: 12    Int:  6    God:    Trog [*.....]
Gold:   0          SH:  0    Dex: 11    Spells: 0/0 levels left

rFire   x . .      SeeInvis .     - Unarmed
rCold   + . .      Faith    .   (no shield)
rNeg    + + +      Spirit   .   a - +0 animal skin
rPois   ∞          Reflect  .   (no helmet)
rElec   .          Harm     .   (no cloak)
rCorr   .          Rampage  .   (no gloves)
Will    .....                   (no boots)
Stlth   +.........              (no amulet)
HPRegen 0.06/turn               (no ring)
MPRegen 0.07/turn               (no ring)

@: no status effects
A: cold resistance 1, negative energy resistance 3, torment resistance 2, heat
vulnerability 1, no potions
a: Renounce Religion


You were on level 1 of the Dungeon.
You worshipped Trog.
Trog was aware of your devotion.
You visited 1 branch of the dungeon, and saw 1 of its levels.

Inventory:

Armour
 a - a +0 animal skin (worn)


   Skills:
 + Level 3.0 Fighting
 - Level 1.5 Armour
 + Level 1.6 Dodging
 * Level 2.4 Unarmed Combat


You couldn't memorise any spells.
You didn't know any spells.
Your spell library was empty.

Dungeon Overview and Level Annotations

Branches:
Dungeon (1/15)

Altars:


Innate Abilities, Weirdness & Mutations

You are immune to poison.
Your flesh is cold resistant. (rC+)
You are immune to negative energy. (rN+++)
You are immune to unholy pain and torment.
You are vulnerable to heat. (rF-)
You do not drink.


Message History

Found a chain mail.
You open the gate.
There is an open gate here.
A gnoll comes into view. It is wielding a +0 club.
Found a helmet.
A bat comes into view.
The gnoll shouts!
You hear a shout!
You start waiting.
There are monsters nearby!
A hobgoblin comes into view.
You hit the gnoll but do no damage.
A nearby plant withers and dies.
You hit the gnoll.
The gnoll is moderately wounded.
The gnoll completely misses you. The bat barely misses you.
You closely miss the gnoll.
The gnoll is moderately wounded.
The bat barely misses you. The gnoll hits you with a +0 club.
You closely miss the gnoll.
The gnoll is moderately wounded.
The gnoll barely misses you. The bat hits you but does no damage.
You closely miss the gnoll.
The gnoll is moderately wounded.
The bat hits you. The gnoll barely misses you.
You hit the hobgoblin.
The hobgoblin is almost dead.
The bat hits you but does no damage. The hobgoblin closely misses you.
The gnoll hits you with a +0 club.
You closely miss the hobgoblin. You punch the hobgoblin.
You kill the hobgoblin!
Trog accepts your kill.
The bat barely misses you. x2; The gnoll hits you with a +0 club.
* * * LOW HITPOINT WARNING * * *
You closely miss the gnoll.
The gnoll is moderately wounded.
The bat closely misses you. The gnoll hits you with a +0 club.
* * * LOW HITPOINT WARNING * * *
You barely miss the gnoll.
The gnoll is moderately wounded.
The bat hits you but does no damage. The gnoll hits you with a +0 club.
You die...

#.P...P[P.... #
#.P...P.P..... #.
.PP...P...... #### #.
..P.P.P...... #..###
#..##..b.....$...
#....###...............
#......### #.###....####
#........###...gb.......
#..##......#####@##..##
#..####.......'..# #<.#
###.....'..#
#..####.......'.##
#..##......######
#......[.### #......###
#....### #..###


You could see a gnoll and a bat.

Vanquished Creatures
  A hobgoblin (D:1)
1 creature vanquished.

Vanquished Creatures (others)
  4 plants (D:1)
4 creatures vanquished.

Grand Total: 5 creatures vanquished

Notes
Turn   | Place    | Note
-------+----------+-------------------------------------------
     0 | D:1      | Gabide the Mummy Berserker began the quest for the Orb.
     0 | D:1      | Reached XP level 1. HP: 18/18 MP: 1/1
    53 | D:1      | Slain by a gnoll

Illustrated notes

Levels and vault maps discovered:
D:1:      lemuel_arrival_funnel, layout_basic,
          shapermc_ecumenical_altar_totnotflames,
          amcnicky_mini_corridor_feature, nicolae_grassy_gnolls

Action                   || total
-------------------------++-------
Melee: Unarmed           ||     9
       Punch             ||     1
Armor: Animal skin       ||     3
Dodge: Dodged            ||     9
